Carnivores vs River Frogs
(R1)
Created - October 27, 2019 at 21:46
Goals
|
| Carnivores |
1 |
2 |
2 |
0 |
0 |
5 |
| River Frogs |
0 |
0 |
5 |
0 |
1 |
6 |
|
Shots
|
| Carnivores |
13 |
9 |
21 |
3 |
3 |
46 |
| River Frogs |
6 |
8 |
23 |
1 |
2 |
38 |
|
1st period
1. Carnivores , Jeremy Welsh 2 (Chris Lawrence 3) at 16:41
Penalties :
Matt Calvert (Lou) for Cross-checking (Minor) at 11:54
2nd period
2. Carnivores , Markus Granlund 1 (David Fischer 2, Mat Clark 5) at 5:00
3. Carnivores , Jeremy Welsh 3 (Mark McNeill 1, Markus Granlund 2) at 10:48
Penalties :
Mat Clark (Bre) for High sticking (Minor) at 2:28, Ryan Fitzgerald (Lou) for Holding (Minor) at 11:54
3rd period
4. River Frogs , Christian Hanson 3 (Anthony Bitetto 2, Andrew Gordon 3) at 5:40 (PP)
5. Carnivores , David Fischer 2 (Tony DeAngelo 1, Tristan Jarry) at 8:05 (PP)
6. River Frogs , Morgan Rielly 1 (Andrew Gordon 4) at 11:33
7. River Frogs , Leon Draisaitl 1 (Emerson Etem 1) at 13:15 (SH)
8. Carnivores , Anton Gustafsson 3 (Blake Geoffrion 3) at 14:25 (PP)
9. River Frogs , Anthony Bitetto 2 (Emerson Etem 2, Leon Draisaitl 2) at 17:43 (PP)
10. River Frogs , Christian Hanson 4 (Matt Calvert 3, Leon Draisaitl 3) at 19:00
Penalties :
Scott Laughton (Bre) for Hooking (Minor) at 3:49, Christian Hanson (Lou) for Hooking (Minor) at 7:55, Ondrej Kase (Lou) for Hooking (Minor) at 12:07, Joakim Nordstrom (Lou) for Hooking (Minor) at 14:21, Mark McNeill (Bre) for Tripping (Minor) at 16:17, Austin Watson (Lou) for Hooking (Minor) at 19:22
Overtime #1
No Goal
Penalties :
No Penalty
Shootout
Carnivores, Blake Geoffrion - Shot Misses the Net
River Frogs, Andrew Gordon - Shot Misses the Net
Carnivores, Anton Gustafsson - Stopped by Thomas Greiss
River Frogs, Christian Hanson - Goal!
Carnivores, Chris Lawrence - Stopped by Thomas Greiss
Penalties :
No Penalty
Goalie Stats
Tristan Jarry (Bre), 33 saves from 38 shots - (0.868), OTL, 1-1-1, 65:00 minutes
Thomas Greiss (Lou), 41 saves from 46 shots - (0.891), W, 1-2-0, 64:56 minutes
Players Stats for Carnivores
Player Name G A P +/- PIM S H SB GA TA FO MP PP MP PK MP
------------------------------------------------------------------------------------
Adam Almquist 0 0 0 0 0 0 0 0 0 0 0/0 5:47 0:00 0:00
Andreas Englund 0 0 0 -1 0 0 1 1 0 0 0/0 20:52 2:11 2:04
Anton Gustafsson 1 0 1 -2 0 2 3 2 0 2 17/34 25:15 4:10 3:07
Blake Geoffrion 0 1 1 -2 0 9 0 0 1 0 1/2 21:51 4:10 0:00
Chris Lawrence 0 1 1 -2 0 6 1 1 1 2 0/0 21:42 2:34 3:07
Curtis Lazar 0 0 0 0 0 0 1 0 0 0 2/4 8:43 0:00 1:21
David Fischer 1 1 2 0 0 2 1 1 0 2 0/0 30:31 4:37 3:12
Hunter Shinkaruk 0 0 0 0 0 2 0 0 0 0 0/0 8:41 0:04 1:03
Jeremy Welsh 2 0 2 1 0 5 0 0 0 0 0/0 13:02 2:34 0:00
Joel Armia 0 0 0 -1 0 2 5 0 0 1 0/0 21:06 4:10 0:00
Mark McNeill 0 1 1 3 2 1 1 0 0 1 0/0 11:51 0:04 0:48
Markus Granlund 1 1 2 3 0 2 1 0 1 0 4/8 13:15 0:04 1:06
Mat Clark 0 1 1 0 2 2 0 0 0 0 0/0 20:58 2:11 0:58
Mattias Backman 0 0 0 1 0 2 0 0 0 0 0/0 9:48 0:00 1:06
Oskar Lindblom 0 0 0 0 0 0 3 0 0 0 1/2 13:41 0:00 0:00
Riley Barber 0 0 0 0 0 0 0 0 0 1 1/1 6:58 0:00 0:00
Scott Laughton 0 0 0 -1 2 5 2 1 0 3 10/19 18:04 2:34 0:00
T.J Brodie 0 0 0 1 0 2 1 0 0 0 0/0 7:04 0:00 0:00
Tony DeAngelo 0 1 1 0 0 4 4 0 0 1 0/0 30:22 4:37 3:12
Trevor Van Riemsdyk 0 0 0 0 0 0 0 0 0 0 0/0 5:10 0:00 0:00
Players Stats for River Frogs
Player Name G A P +/- PIM S H SB GA TA FO MP PP MP PK MP
------------------------------------------------------------------------------------
Aaron Ness 0 0 0 1 0 3 1 1 0 0 0/0 16:13 1:49 2:18
Andrew Gordon 0 2 2 2 0 2 0 0 0 0 4/7 22:01 3:08 5:08
Anthony Bitetto 1 1 2 -2 0 3 4 6 1 0 0/0 25:37 3:27 5:52
Austin Watson 0 0 0 -1 2 1 2 0 0 0 0/0 11:52 0:00 0:00
Borna Rendulic 0 0 0 -2 0 0 0 1 0 0 0/0 7:58 0:07 0:00
Christian Hanson 2 0 2 1 2 8 3 0 1 1 16/32 25:33 3:09 4:11
Emerson Etem 0 2 2 0 0 3 0 2 1 1 1/2 15:57 2:00 1:29
Jared Knight 0 0 0 -1 0 0 3 0 0 0 2/8 13:09 0:00 1:34
Joakim Nordstrom 0 0 0 -2 2 0 0 0 0 0 0/1 9:01 0:00 1:07
Justin Florek 0 0 0 1 0 3 2 0 0 0 0/1 13:54 2:00 0:00
Leon Draisaitl 1 2 3 2 0 4 4 0 1 0 10/15 16:41 2:00 1:29
Matt Calvert 0 1 1 1 2 4 1 0 5 0 0/0 20:40 3:16 0:00
Morgan Rielly 1 0 1 1 0 1 2 0 3 0 0/0 22:58 0:00 0:00
Ondrej Kase 0 0 0 0 2 1 1 0 0 0 1/1 17:32 0:08 0:00
Ryan Fitzgerald 0 0 0 -2 2 0 0 0 0 0 0/3 7:26 0:00 0:00
Shane Sims 0 0 0 1 0 3 0 0 0 1 0/0 16:13 1:49 2:18
Shea Theodore 0 0 0 1 0 1 0 0 0 0 0/0 23:03 0:00 0:00
Timothy Kunes 0 0 0 -2 0 1 3 2 1 0 0/0 25:56 3:27 5:52
3 Stars
1 - Leon Draisaitl (Lou)
2 - Christian Hanson (Lou)
3 - Markus Granlund (Bre)
Power Play
Carnivores - 2 on 6 Attempt(s) - 33.33%
River Frogs - 2 on 3 Attempt(s) - 66.67%
Penalty Kill
Carnivores - 1 on 3 Attempt(s) - 33.33%
- Score 0 goal in Penalty Kill
River Frogs - 4 on 6 Attempt(s) - 66.67%
- Score 1 goal in Penalty Kill
Team Stat
Carnivores - Hits : 24 - Faceoff Wins : 36 - Blocked Shots : 6 - Penalty Minutes : 6
River Frogs - Hits : 26 - Faceoff Wins : 34 - Blocked Shots : 12 - Penalty Minutes : 12
Official
Referees : Unknown
Linesman : Unknown
Game Notes
No Game Note
Finance
Level 1 -- Attendance: 1382 (69.10%) -- Ticket Income $55,280
Level 2 -- Attendance: 768 (76.80%) -- Ticket Income $15,360
Total Attendance: 2150 (71.67%)
Total Ticket Income: $70,640
Other Income: $3,532
Total Income: $74,172
Carnivores
5 vs 5 Forward
Center Left Wing Right Wing Time % Phy DF OF
1 Anton Gustafsson Blake Geoffrion Joel Armia 37 1 2 2
2 Scott Laughton Oskar Lindblom Chris Lawrence 33 1 2 2
3 Markus Granlund Jeremy Welsh Mark McNeill 20 1 2 2
4 Curtis Lazar Hunter Shinkaruk Riley Barber 10 1 2 2
5 vs 5 Defense
Defense Defense Time % Phy DF OF
1 David Fischer Tony DeAngelo 40 1 2 2
2 Andreas Englund Mat Clark 30 1 2 2
3 T.J Brodie Mattias Backman 17 1 2 2
4 Trevor Van Riemsdyk Adam Almquist 13 1 2 2
PowerPlay Forward
Center Left Wing Right Wing Time % Phy DF OF
1 Anton Gustafsson Blake Geoffrion Joel Armia 60 1 2 2
2 Scott Laughton Jeremy Welsh Chris Lawrence 40 1 2 2
PowerPlay Defense
Defense Defense Time % Phy DF OF
1 David Fischer Tony DeAngelo 60 1 2 2
2 Andreas Englund Mat Clark 40 1 2 2
Penalty Kill 4 Players Forward
Center Wing Time % Phy DF OF
1 Anton Gustafsson Chris Lawrence 60 1 2 2
2 Markus Granlund Mark McNeill 40 1 2 2
Penalty Kill 4 Players Defense
Defense Defense Time % Phy DF OF
1 David Fischer Tony DeAngelo 60 1 2 2
2 Andreas Englund Mat Clark 40 1 2 2
Penalty Kill - 3 Players Forward
Forward Time % Phy DF OF
1 Mark McNeill 60 1 2 2
2 Chris Lawrence 40 1 2 2
Penalty Kill - 3 Players Defense
Defense Defense Time % Phy DF OF
1 David Fischer Tony DeAngelo 60 1 2 2
2 Andreas Englund Mat Clark 40 1 2 2
4 vs 4 Forward
Center Wing Time % Phy DF OF
1 Anton Gustafsson Chris Lawrence 60 1 2 2
2 Scott Laughton Blake Geoffrion 40 1 2 2
4 vs 4 Defense
Defense Defense Time % Phy DF OF
1 David Fischer Tony DeAngelo 60 1 2 2
2 Mattias Backman Mat Clark 40 1 2 2
Last Minutes Offensive
Center Left Wing Right Wing Defense Defense
Anton Gustafsson Blake Geoffrion Chris Lawrence David Fischer Tony DeAngelo
Last Minutes Defensive
Center Left Wing Right Wing Defense Defense
Anton Gustafsson Blake Geoffrion Chris Lawrence David Fischer Tony DeAngelo
Goaltenders
Starting : Tristan Jarry
Backup : Niklas Svedberg
Extra Forwards
Normal : Markus Granlund, Joel Armia, Curtis Lazar - PP : Markus Granlund, Joel Armia - PK : Curtis Lazar
Extra Defensemen
Normal : Tony DeAngelo, Andreas Englund, Mattias Backman - PP : Tony DeAngelo - PK : Andreas Englund, Mattias Backman
Penalty Shots
Blake Geoffrion, Anton Gustafsson, Chris Lawrence, Jeremy Welsh, Scott Laughton
Scratches
Stanislav Galiev (Healthy), Mark MacMillan (Healthy), Tyler Graovac (Healthy), Nicolas Kerdiles (Healthy), Lucas Wallmark (Healthy)
Troy Bourke (Healthy), Alexandre Mallet (Healthy), Josh Wesley (Healthy), Linus Ullmark (Healthy)
River Frogs
5 vs 5 Forward
Center Left Wing Right Wing Time % Phy DF OF
1 Christian Hanson Matt Calvert Ondrej Kase 40 1 2 2
2 Leon Draisaitl Justin Florek Andrew Gordon 30 1 2 2
3 Jared Knight Austin Watson Emerson Etem 20 1 2 2
4 Ryan Fitzgerald Joakim Nordstrom Borna Rendulic 10 1 2 2
5 vs 5 Defense
Defense Defense Time % Phy DF OF
1 Morgan Rielly Shea Theodore 40 1 2 2
2 Timothy Kunes Anthony Bitetto 30 1 2 2
3 Shane Sims Aaron Ness 20 1 2 2
4 Morgan Rielly Shea Theodore 10 1 2 2
PowerPlay Forward
Center Left Wing Right Wing Time % Phy DF OF
1 Christian Hanson Matt Calvert Andrew Gordon 60 1 2 2
2 Leon Draisaitl Justin Florek Emerson Etem 40 1 2 2
PowerPlay Defense
Defense Defense Time % Phy DF OF
1 Anthony Bitetto Timothy Kunes 60 1 2 2
2 Shane Sims Aaron Ness 40 1 2 2
Penalty Kill 4 Players Forward
Center Wing Time % Phy DF OF
1 Andrew Gordon Christian Hanson 60 1 2 2
2 Emerson Etem Leon Draisaitl 40 1 2 2
Penalty Kill 4 Players Defense
Defense Defense Time % Phy DF OF
1 Anthony Bitetto Timothy Kunes 60 1 2 2
2 Shane Sims Aaron Ness 40 1 2 2
Penalty Kill - 3 Players Forward
Forward Time % Phy DF OF
1 Andrew Gordon 60 1 2 2
2 Christian Hanson 40 1 2 2
Penalty Kill - 3 Players Defense
Defense Defense Time % Phy DF OF
1 Anthony Bitetto Timothy Kunes 60 1 2 2
2 Shane Sims Aaron Ness 40 1 2 2
4 vs 4 Forward
Center Wing Time % Phy DF OF
1 Andrew Gordon Christian Hanson 60 1 2 2
2 Emerson Etem Leon Draisaitl 40 1 2 2
4 vs 4 Defense
Defense Defense Time % Phy DF OF
1 Anthony Bitetto Timothy Kunes 60 1 2 2
2 Shane Sims Aaron Ness 40 1 2 2
Last Minutes Offensive
Center Left Wing Right Wing Defense Defense
Christian Hanson Matt Calvert Andrew Gordon Anthony Bitetto Timothy Kunes
Last Minutes Defensive
Center Left Wing Right Wing Defense Defense
Christian Hanson Matt Calvert Andrew Gordon Anthony Bitetto Timothy Kunes
Goaltenders
Starting : Thomas Greiss
Backup : Phoenix Copley
Extra Forwards
Normal : Ondrej Kase, Borna Rendulic, Jared Knight - PP : Ondrej Kase, Borna Rendulic - PK : Jared Knight
Extra Defensemen
Normal : Morgan Rielly, Shea Theodore, Shane Sims - PP : Morgan Rielly - PK : Shea Theodore, Shane Sims
Penalty Shots
Andrew Gordon, Christian Hanson, Emerson Etem, Leon Draisaitl, Matt Calvert
Scratches
David Kolomatis (Healthy), Maxim Mamin (Healthy), Mario Lucia (Healthy), Dillon Heatherington (Healthy), Francis Perron (Healthy)
Beau Starrett (Healthy), Richard Nejezchleb (Healthy)
% Time on Ice - Carnivores
Lines # - Real PCT - Wanted PCT - Time Play
Normal Forward
1 - 34% - 37% - 16:03
2 - 30% - 33% - 14:27
3 - 21% - 20% - 10:15
4 - 15% - 10% - 6:58
Normal Defense
1 - 43% - 40% - 20:21
2 - 32% - 30% - 15:08
3 - 15% - 17% - 7:04
4 - 11% - 13% - 5:10
PP Forward
1 - 62% - 60% - 4:14
2 - 38% - 40% - 2:34
PP Defense
1 - 68% - 60% - 4:37
2 - 32% - 40% - 2:11
PK Forward
1 - 79% - 60% - 4:10
2 - 21% - 40% - 1:06
PK Defense
1 - 61% - 60% - 3:12
2 - 39% - 40% - 2:04
PK3 Forward
1 - 0% - 60%
2 - 0% - 40%
PK3 Defense
1 - 0% - 60%
2 - 0% - 40%
44 Forward
1 - 68% - 60% - 3:23
2 - 32% - 40% - 1:37
44 Defense
1 - 57% - 60% - 2:51
2 - 43% - 40% - 2:09
Last Minute Offensive - 0:00
Last Minute Defensive - 0:13
Total
Forward - 65:00
Defense - 65:00
|
% Time on Ice - River Frogs
Lines # - Real PCT - Wanted PCT - Time Play
Normal Forward
1 - 36% - 40% - 17:13
2 - 25% - 30% - 12:10
3 - 23% - 20% - 11:10
4 - 15% - 10% - 7:11
Normal Defense
1 - 41% - 40% - 19:22
2 - 32% - 30% - 15:26
3 - 20% - 20% - 9:25
4 - 7% - 10% - 3:31
PP Forward
1 - 62% - 60% - 3:16
2 - 38% - 40% - 2:00
PP Defense
1 - 66% - 60% - 3:27
2 - 34% - 40% - 1:49
PK Forward
1 - 78% - 60% - 5:19
2 - 22% - 40% - 1:29
PK Defense
1 - 74% - 60% - 5:01
2 - 26% - 40% - 1:47
PK3 Forward
1 - 89% - 60% - 1:13
2 - 11% - 40% - 0:09
PK3 Defense
1 - 62% - 60% - 0:51
2 - 38% - 40% - 0:31
44 Forward
1 - 72% - 60% - 2:36
2 - 28% - 40% - 1:02
44 Defense
1 - 44% - 60% - 1:37
2 - 56% - 40% - 2:01
Last Minute Offensive - 0:12
Last Minute Defensive - 0:00
Total
Forward - 65:00
Defense - 65:00
|
Play-by-Play
1st period
0:01 of 1st period - Christian Hanson wins face-off versus Anton Gustafsson in neutral zone.
0:16 of 1st period - Wrist shot by Christian Hanson.
0:16 of 1st period - Stopped by Tristan Jarry with a rebound.
0:29 of 1st period - Off-side.
0:30 of 1st period - Scott Laughton wins face-off versus Leon Draisaitl in neutral zone.
0:57 of 1st period - Mat Clark is hit by Austin Watson and loses puck.
1:02 of 1st period - Slapshot by Emerson Etem.
1:02 of 1st period - Shot Misses the Net.
1:04 of 1st period - Wrist shot by Shane Sims.
1:04 of 1st period - Stopped by Tristan Jarry without a rebound.
1:05 of 1st period - Curtis Lazar wins face-off versus Ryan Fitzgerald in Carnivores zone.
1:38 of 1st period - Snap shot by Christian Hanson.
1:38 of 1st period - Stopped by Tristan Jarry without a rebound.
1:39 of 1st period - Scott Laughton wins face-off versus Jared Knight in Carnivores zone.
1:39 of 1st period - Scott Laughton is hit by Morgan Rielly.
2:05 of 1st period - Trevor Van Riemsdyk is hit by Christian Hanson.
2:39 of 1st period - Wrist shot by Andrew Gordon.
2:39 of 1st period - Stopped by Tristan Jarry without a rebound.
2:40 of 1st period - Scott Laughton wins face-off versus Jared Knight in Carnivores zone.
3:32 of 1st period - Snap shot by Jeremy Welsh.
3:32 of 1st period - Stopped by Thomas Greiss without a rebound.
3:33 of 1st period - Leon Draisaitl wins face-off versus Scott Laughton in River Frogs zone.
3:58 of 1st period - Shea Theodore is hit by Anton Gustafsson.
4:52 of 1st period - Snap shot by Jeremy Welsh.
4:52 of 1st period - Shot Misses the Net.
5:04 of 1st period - Leon Draisaitl is hit by Chris Lawrence and loses puck.
5:54 of 1st period - Slapshot by Emerson Etem.
5:54 of 1st period - Stopped by Tristan Jarry without a rebound.
5:55 of 1st period - Riley Barber wins face-off versus Jared Knight in Carnivores zone.
7:07 of 1st period - Snap shot by Jeremy Welsh.
7:07 of 1st period - Stopped by Thomas Greiss with a rebound.
7:09 of 1st period - Wrist shot by Markus Granlund.
7:09 of 1st period - Shot Blocked by Borna Rendulic.
7:56 of 1st period - Snap shot by Scott Laughton.
7:56 of 1st period - Stopped by Thomas Greiss with a rebound.
8:08 of 1st period - Blake Geoffrion is hit by Leon Draisaitl and loses puck.
8:38 of 1st period - Slapshot by Jeremy Welsh.
8:38 of 1st period - Shot Blocked by Anthony Bitetto.
9:08 of 1st period - Aaron Ness is hit by Curtis Lazar.
9:35 of 1st period - Icing by Austin Watson.
9:36 of 1st period - Jared Knight wins face-off versus Anton Gustafsson in River Frogs zone.
9:36 of 1st period - Jared Knight is hit by Anton Gustafsson.
10:06 of 1st period - Slapshot by Blake Geoffrion.
10:06 of 1st period - Stopped by Thomas Greiss with a rebound.
10:11 of 1st period - Off-side.
10:12 of 1st period - Scott Laughton wins face-off versus Christian Hanson in neutral zone.
10:44 of 1st period - Snap shot by Markus Granlund.
10:44 of 1st period - Stopped by Thomas Greiss without a rebound.
10:45 of 1st period - Christian Hanson wins face-off versus Blake Geoffrion in River Frogs zone.
10:45 of 1st period - Christian Hanson is hit by Anton Gustafsson.
10:59 of 1st period - Wrist shot by Anton Gustafsson.
10:59 of 1st period - Stopped by Thomas Greiss with a rebound.
11:01 of 1st period - Slapshot by Tony DeAngelo.
11:01 of 1st period - Stopped by Thomas Greiss without a rebound.
11:02 of 1st period - Scott Laughton wins face-off versus Leon Draisaitl in River Frogs zone.
11:09 of 1st period - Snap shot by Scott Laughton.
11:09 of 1st period - Stopped by Thomas Greiss without a rebound.
11:10 of 1st period - Leon Draisaitl wins face-off versus Scott Laughton in River Frogs zone.
11:37 of 1st period - Ondrej Kase is hit by Joel Armia and loses puck.
11:54 of 1st period - Minor Penalty to Matt Calvert for Cross-checking.
11:55 of 1st period - Andrew Gordon wins face-off versus Anton Gustafsson in River Frogs zone.
12:28 of 1st period - Snap shot by Chris Lawrence.
12:28 of 1st period - Shot Misses the Net.
13:23 of 1st period - Andreas Englund is hit by Anthony Bitetto and loses puck.
13:54 of 1st period - Penalty to Matt Calvert is over, Matt Calvert is back on ice.
14:02 of 1st period - Matt Calvert is hit by Mark McNeill.
14:05 of 1st period - Icing by Andrew Gordon.
14:06 of 1st period - Curtis Lazar wins face-off versus Joakim Nordstrom in River Frogs zone.
14:09 of 1st period - Snap shot by Hunter Shinkaruk.
14:09 of 1st period - Stopped by Thomas Greiss with a rebound.
14:27 of 1st period - Slapshot by Andrew Gordon.
14:27 of 1st period - Shot Misses the Net.
14:47 of 1st period - Emerson Etem is hit by Markus Granlund and loses puck.
15:31 of 1st period - Snap shot by Scott Laughton.
15:31 of 1st period - Shot Misses the Net.
16:15 of 1st period - Slapshot by Chris Lawrence.
16:15 of 1st period - Stopped by Thomas Greiss without a rebound.
16:16 of 1st period - Anton Gustafsson wins face-off versus Ryan Fitzgerald in River Frogs zone.
16:41 of 1st period - Snap shot by Jeremy Welsh.
16:41 of 1st period - Goal by Jeremy Welsh - Carnivores : 1 - River Frogs : 0.
16:42 of 1st period - Scott Laughton wins face-off versus Christian Hanson in neutral zone.
16:55 of 1st period - Snap shot by Scott Laughton.
16:55 of 1st period - Shot Misses the Net.
16:57 of 1st period - Wrist shot by Chris Lawrence.
16:57 of 1st period - Stopped by Thomas Greiss without a rebound.
16:58 of 1st period - Leon Draisaitl wins face-off versus Anton Gustafsson in River Frogs zone.
17:13 of 1st period - Slapshot by Leon Draisaitl.
17:13 of 1st period - Shot Misses the Net.
17:23 of 1st period - Anton Gustafsson is hit by Austin Watson and loses puck.
17:47 of 1st period - Off-side.
17:48 of 1st period - Scott Laughton wins face-off versus Christian Hanson in neutral zone.
18:27 of 1st period - Slapshot by David Fischer.
18:27 of 1st period - Shot Misses the Net.
18:29 of 1st period - Slapshot by David Fischer.
18:29 of 1st period - Stopped by Thomas Greiss without a rebound.
18:30 of 1st period - Leon Draisaitl wins face-off versus Markus Granlund in River Frogs zone.
19:01 of 1st period - Snap shot by Shea Theodore.
19:01 of 1st period - Stopped by Tristan Jarry without a rebound.
19:02 of 1st period - Anton Gustafsson wins face-off versus Christian Hanson in Carnivores zone.
Goals for this period are 1 for Carnivores vs 0 for River Frogs.
Shots for this period are 13 for Carnivores vs 6 for River Frogs.
2nd period
0:01 of 2nd period - Leon Draisaitl wins face-off versus Scott Laughton in neutral zone.
0:11 of 2nd period - Icing by Shea Theodore.
0:12 of 2nd period - Scott Laughton wins face-off versus Leon Draisaitl in River Frogs zone.
0:13 of 2nd period - Snap shot by Chris Lawrence.
0:13 of 2nd period - Deflect By Scott Laughton.
0:13 of 2nd period - Shot Misses the Net.
0:13 of 2nd period - Puck is out of play.
0:14 of 2nd period - Leon Draisaitl wins face-off versus Oskar Lindblom in River Frogs zone.
0:14 of 2nd period - Leon Draisaitl is hit by Oskar Lindblom.
0:26 of 2nd period - Backhand shot by Scott Laughton.
0:26 of 2nd period - Stopped by Thomas Greiss with a rebound.
0:28 of 2nd period - Slapshot by Chris Lawrence.
0:28 of 2nd period - Stopped by Thomas Greiss with a rebound.
0:30 of 2nd period - Snap shot by Scott Laughton.
0:30 of 2nd period - Shot Misses the Net.
0:52 of 2nd period - Wrist shot by Blake Geoffrion.
0:52 of 2nd period - Stopped by Thomas Greiss without a rebound.
0:53 of 2nd period - Markus Granlund wins face-off versus Christian Hanson in River Frogs zone.
0:56 of 2nd period - Wrist shot by Markus Granlund.
0:56 of 2nd period - Shot Misses the Net.
1:04 of 2nd period - Mark McNeill is hit by Anthony Bitetto and loses puck.
1:19 of 2nd period - Justin Florek is hit by Scott Laughton and loses puck.
1:59 of 2nd period - Slapshot by Shane Sims.
1:59 of 2nd period - Shot Misses the Net.
2:01 of 2nd period - Slapshot by Shane Sims.
2:01 of 2nd period - Shot Misses the Net.
2:03 of 2nd period - Slapshot by Shane Sims.
2:03 of 2nd period - Shot Misses the Net.
2:05 of 2nd period - Slapshot by Aaron Ness.
2:05 of 2nd period - Stopped by Tristan Jarry without a rebound.
2:06 of 2nd period - Oskar Lindblom wins face-off versus Leon Draisaitl in Carnivores zone.
2:06 of 2nd period - Oskar Lindblom is hit by Leon Draisaitl.
2:18 of 2nd period - Wrist shot by Andrew Gordon.
2:18 of 2nd period - Stopped by Tristan Jarry with a rebound.
2:20 of 2nd period - Wrist shot by Leon Draisaitl.
2:20 of 2nd period - Shot Blocked by Scott Laughton.
2:22 of 2nd period - Snap shot by Andrew Gordon.
2:22 of 2nd period - Shot Misses the Net.
2:28 of 2nd period - Minor Penalty to Mat Clark for High sticking.
2:29 of 2nd period - Christian Hanson wins face-off versus Anton Gustafsson in Carnivores zone.
2:54 of 2nd period - Chris Lawrence is hit by Timothy Kunes.
4:28 of 2nd period - Penalty to Mat Clark is over, Mat Clark is back on ice.
4:43 of 2nd period - Snap shot by Mat Clark.
4:43 of 2nd period - Shot Blocked by Anthony Bitetto.
5:00 of 2nd period - Snap shot by Markus Granlund.
5:00 of 2nd period - Goal by Markus Granlund - Carnivores : 2 - River Frogs : 0.
5:01 of 2nd period - Leon Draisaitl wins face-off versus Anton Gustafsson in neutral zone.
5:47 of 2nd period - Jeremy Welsh is hit by Jared Knight and loses puck.
6:06 of 2nd period - Slapshot by Morgan Rielly.
6:06 of 2nd period - Shot Misses the Net.
6:51 of 2nd period - Wrist shot by Matt Calvert.
6:51 of 2nd period - Shot Misses the Net.
6:57 of 2nd period - Wrist shot by Christian Hanson.
6:57 of 2nd period - Stopped by Tristan Jarry without a rebound.
6:58 of 2nd period - Jared Knight wins face-off versus Anton Gustafsson in Carnivores zone.
6:59 of 2nd period - Slapshot by Anthony Bitetto.
6:59 of 2nd period - Shot Misses the Net.
7:10 of 2nd period - Snap shot by Mat Clark.
7:10 of 2nd period - Shot Blocked by Timothy Kunes.
7:12 of 2nd period - Wrist shot by Blake Geoffrion.
7:12 of 2nd period - Shot Misses the Net.
7:24 of 2nd period - Mat Clark is hit by Anthony Bitetto and loses puck.
7:53 of 2nd period - Mat Clark is hit by Justin Florek and loses puck.
8:33 of 2nd period - Wrist shot by Blake Geoffrion.
8:33 of 2nd period - Shot Misses the Net.
8:35 of 2nd period - Slapshot by Mattias Backman.
8:35 of 2nd period - Stopped by Thomas Greiss without a rebound.
8:36 of 2nd period - Scott Laughton wins face-off versus Christian Hanson in River Frogs zone.
9:01 of 2nd period - Justin Florek is hit by Joel Armia and loses puck.
10:10 of 2nd period - Slapshot by Timothy Kunes.
10:10 of 2nd period - Stopped by Tristan Jarry with a rebound.
10:46 of 2nd period - Snap shot by Jeremy Welsh.
10:46 of 2nd period - Shot Misses the Net.
10:48 of 2nd period - Snap shot by Jeremy Welsh.
10:48 of 2nd period - Goal by Jeremy Welsh - Carnivores : 3 - River Frogs : 0.
10:49 of 2nd period - Christian Hanson wins face-off versus Anton Gustafsson in neutral zone.
11:37 of 2nd period - Snap shot by Emerson Etem.
11:37 of 2nd period - Stopped by Tristan Jarry with a rebound.
11:39 of 2nd period - Snap shot by Shea Theodore.
11:39 of 2nd period - Shot Misses the Net.
11:54 of 2nd period - Minor Penalty to Ryan Fitzgerald for Holding.
11:55 of 2nd period - Blake Geoffrion wins face-off versus Andrew Gordon in River Frogs zone.
13:36 of 2nd period - Joel Armia is hit by Jared Knight and loses puck.
13:54 of 2nd period - Penalty to Ryan Fitzgerald is over, Ryan Fitzgerald is back on ice.
14:05 of 2nd period - Snap shot by David Fischer.
14:05 of 2nd period - Shot Misses the Net.
14:07 of 2nd period - Slapshot by Tony DeAngelo.
14:07 of 2nd period - Shot Blocked by Emerson Etem.
14:09 of 2nd period - Snap shot by Tony DeAngelo.
14:09 of 2nd period - Stopped by Thomas Greiss without a rebound.
14:10 of 2nd period - Christian Hanson wins face-off versus Curtis Lazar in River Frogs zone.
14:33 of 2nd period - Slapshot by Leon Draisaitl.
14:33 of 2nd period - Stopped by Tristan Jarry with a rebound.
15:05 of 2nd period - Snap shot by Hunter Shinkaruk.
15:05 of 2nd period - Shot Misses the Net.
15:09 of 2nd period - Backhand shot by Hunter Shinkaruk.
15:09 of 2nd period - Stopped by Thomas Greiss with a rebound.
15:13 of 2nd period - Slapshot by T.J Brodie.
15:13 of 2nd period - Stopped by Thomas Greiss without a rebound.
15:14 of 2nd period - Anton Gustafsson wins face-off versus Christian Hanson in River Frogs zone.
15:22 of 2nd period - Snap shot by Blake Geoffrion.
15:22 of 2nd period - Shot Misses the Net.
15:48 of 2nd period - T.J Brodie is hit by Leon Draisaitl and loses puck.
15:57 of 2nd period - Jared Knight is hit by Scott Laughton and loses puck.
16:23 of 2nd period - Snap shot by Borna Rendulic.
16:23 of 2nd period - Shot Misses the Net.
16:25 of 2nd period - Wrist shot by Borna Rendulic.
16:25 of 2nd period - Shot Misses the Net.
17:52 of 2nd period - Slapshot by Aaron Ness.
17:52 of 2nd period - Deflect By Austin Watson.
17:52 of 2nd period - Stopped by Tristan Jarry with a rebound.
18:36 of 2nd period - Justin Florek is hit by T.J Brodie and loses puck.
18:58 of 2nd period - Off-side.
18:59 of 2nd period - Christian Hanson wins face-off versus Scott Laughton in neutral zone.
19:24 of 2nd period - Chris Lawrence is hit by Anthony Bitetto.
19:38 of 2nd period - Snap shot by Matt Calvert.
19:38 of 2nd period - Stopped by Tristan Jarry with a rebound.
19:55 of 2nd period - Slapshot by Matt Calvert.
19:55 of 2nd period - Deflect By Ondrej Kase.
19:55 of 2nd period - Shot Blocked by Chris Lawrence.
19:55 of 2nd period - Puck is out of play.
19:56 of 2nd period - Anton Gustafsson wins face-off versus Justin Florek in Carnivores zone.
19:56 of 2nd period - Anton Gustafsson is hit by Leon Draisaitl.
Goals for this period are 2 for Carnivores vs 0 for River Frogs.
Shots for this period are 9 for Carnivores vs 8 for River Frogs.
3rd period
0:01 of 3rd period - Anton Gustafsson wins face-off versus Christian Hanson in neutral zone.
0:10 of 3rd period - Snap shot by Blake Geoffrion.
0:10 of 3rd period - Stopped by Thomas Greiss with a rebound.
0:12 of 3rd period - Slapshot by Tony DeAngelo.
0:12 of 3rd period - Deflect By Christian Hanson.
0:12 of 3rd period - Stopped by Thomas Greiss with a rebound.
0:26 of 3rd period - Tony DeAngelo is hit by Morgan Rielly and loses puck.
0:33 of 3rd period - Slapshot by Mat Clark.
0:33 of 3rd period - Stopped by Thomas Greiss without a rebound.
0:34 of 3rd period - Leon Draisaitl wins face-off versus Markus Granlund in River Frogs zone.
0:49 of 3rd period - Snap shot by Jeremy Welsh.
0:49 of 3rd period - Shot Misses the Net.
1:03 of 3rd period - Snap shot by Chris Lawrence.
1:03 of 3rd period - Stopped by Thomas Greiss with a rebound.
1:05 of 3rd period - Slapshot by Mat Clark.
1:05 of 3rd period - Shot Misses the Net.
1:07 of 3rd period - Slapshot by Andreas Englund.
1:07 of 3rd period - Shot Misses the Net.
1:58 of 3rd period - Morgan Rielly is hit by Tony DeAngelo and loses puck.
2:22 of 3rd period - Slapshot by Emerson Etem.
2:22 of 3rd period - Stopped by Tristan Jarry without a rebound.
2:23 of 3rd period - Scott Laughton wins face-off versus Christian Hanson in Carnivores zone.
2:23 of 3rd period - Scott Laughton is hit by Ondrej Kase.
2:31 of 3rd period - Matt Calvert is hit by Oskar Lindblom and loses puck.
2:53 of 3rd period - Slapshot by Andrew Gordon.
2:53 of 3rd period - Shot Blocked by Anton Gustafsson.
2:55 of 3rd period - Slapshot by Leon Draisaitl.
2:55 of 3rd period - Deflect By Justin Florek.
2:55 of 3rd period - Stopped by Tristan Jarry with a rebound.
2:57 of 3rd period - Wrist shot by Justin Florek.
2:57 of 3rd period - Stopped by Tristan Jarry with a rebound.
3:26 of 3rd period - Hunter Shinkaruk is hit by Matt Calvert and loses puck.
3:47 of 3rd period - Andrew Gordon is hit by Oskar Lindblom and loses puck.
3:49 of 3rd period - Minor Penalty to Scott Laughton for Hooking.
3:50 of 3rd period - Christian Hanson wins face-off versus Anton Gustafsson in Carnivores zone.
3:51 of 3rd period - Slapshot by Andrew Gordon.
3:51 of 3rd period - Shot Misses the Net.
4:03 of 3rd period - Timothy Kunes is hit by David Fischer and loses puck.
4:16 of 3rd period - Anton Gustafsson is hit by Justin Florek and loses puck.
4:23 of 3rd period - Snap shot by Leon Draisaitl.
4:23 of 3rd period - Shot Misses the Net.
5:23 of 3rd period - Timothy Kunes is hit by Tony DeAngelo and loses puck.
5:36 of 3rd period - Slapshot by Anthony Bitetto.
5:36 of 3rd period - Stopped by Tristan Jarry with a rebound.
5:38 of 3rd period - Slapshot by Anthony Bitetto.
5:38 of 3rd period - Stopped by Tristan Jarry with a rebound.
5:40 of 3rd period - Snap shot by Christian Hanson.
5:40 of 3rd period - Goal by Christian Hanson - Carnivores : 3 - River Frogs : 1.
5:41 of 3rd period - Markus Granlund wins face-off versus Jared Knight in neutral zone.
6:08 of 3rd period - Ryan Fitzgerald is hit by Joel Armia.
6:11 of 3rd period - Off-side.
6:12 of 3rd period - Anton Gustafsson wins face-off versus Ryan Fitzgerald in neutral zone.
6:19 of 3rd period - Snap shot by Blake Geoffrion.
6:19 of 3rd period - Stopped by Thomas Greiss with a rebound.
6:21 of 3rd period - Wrist shot by Anton Gustafsson.
6:21 of 3rd period - Shot Blocked by Anthony Bitetto.
6:23 of 3rd period - Snap shot by Blake Geoffrion.
6:23 of 3rd period - Shot Blocked by Anthony Bitetto.
6:25 of 3rd period - Snap shot by Joel Armia.
6:25 of 3rd period - Stopped by Thomas Greiss without a rebound.
6:26 of 3rd period - Anton Gustafsson wins face-off versus Christian Hanson in River Frogs zone.
6:58 of 3rd period - Slapshot by Scott Laughton.
6:58 of 3rd period - Shot Misses the Net.
7:00 of 3rd period - Slapshot by Mat Clark.
7:00 of 3rd period - Deflect By Scott Laughton.
7:00 of 3rd period - Stopped by Thomas Greiss with a rebound.
7:12 of 3rd period - Snap shot by Jeremy Welsh.
7:12 of 3rd period - Shot Blocked by Emerson Etem.
7:14 of 3rd period - Slapshot by Andreas Englund.
7:14 of 3rd period - Shot Misses the Net.
7:16 of 3rd period - Wrist shot by T.J Brodie.
7:16 of 3rd period - Shot Misses the Net.
7:18 of 3rd period - Slapshot by Mattias Backman.
7:18 of 3rd period - Deflect By Jeremy Welsh.
7:18 of 3rd period - Stopped by Thomas Greiss with a rebound.
7:20 of 3rd period - Slapshot by Mattias Backman.
7:20 of 3rd period - Stopped by Thomas Greiss without a rebound.
7:21 of 3rd period - Christian Hanson wins face-off versus Anton Gustafsson in River Frogs zone.
7:32 of 3rd period - Snap shot by Ondrej Kase.
7:32 of 3rd period - Stopped by Tristan Jarry without a rebound.
7:33 of 3rd period - Anton Gustafsson wins face-off versus Christian Hanson in Carnivores zone.
7:33 of 3rd period - Anton Gustafsson is hit by Christian Hanson.
7:47 of 3rd period - Wrist shot by Blake Geoffrion.
7:47 of 3rd period - Shot Misses the Net.
7:49 of 3rd period - Snap shot by Joel Armia.
7:49 of 3rd period - Shot Misses the Net.
7:55 of 3rd period - Minor Penalty to Christian Hanson for Hooking.
7:56 of 3rd period - Andrew Gordon wins face-off versus Anton Gustafsson in River Frogs zone.
8:05 of 3rd period - Slapshot by David Fischer.
8:05 of 3rd period - Goal by David Fischer - Carnivores : 4 - River Frogs : 1.
8:06 of 3rd period - Anton Gustafsson wins face-off versus Christian Hanson in neutral zone.
8:09 of 3rd period - Wrist shot by Blake Geoffrion.
8:09 of 3rd period - Stopped by Thomas Greiss without a rebound.
8:10 of 3rd period - Christian Hanson wins face-off versus Anton Gustafsson in River Frogs zone.
9:18 of 3rd period - Ryan Fitzgerald is hit by Andreas Englund and loses puck.
9:27 of 3rd period - Snap shot by Shea Theodore.
9:27 of 3rd period - Shot Misses the Net.
9:29 of 3rd period - Snap shot by Borna Rendulic.
9:29 of 3rd period - Shot Misses the Net.
9:31 of 3rd period - Snap shot by Joakim Nordstrom.
9:31 of 3rd period - Shot Misses the Net.
11:07 of 3rd period - Off-side.
11:08 of 3rd period - Christian Hanson wins face-off versus Markus Granlund in neutral zone.
11:21 of 3rd period - Wrist shot by Jeremy Welsh.
11:21 of 3rd period - Shot Blocked by Aaron Ness.
11:23 of 3rd period - Wrist shot by T.J Brodie.
11:23 of 3rd period - Stopped by Thomas Greiss without a rebound.
11:24 of 3rd period - Anton Gustafsson wins face-off versus Leon Draisaitl in River Frogs zone.
11:25 of 3rd period - Snap shot by Blake Geoffrion.
11:25 of 3rd period - Shot Hit the Post.
11:33 of 3rd period - Slapshot by Morgan Rielly.
11:33 of 3rd period - Goal by Morgan Rielly - Carnivores : 4 - River Frogs : 2.
11:34 of 3rd period - Christian Hanson wins face-off versus Anton Gustafsson in neutral zone.
11:42 of 3rd period - Icing by Morgan Rielly.
11:43 of 3rd period - Anton Gustafsson wins face-off versus Christian Hanson in River Frogs zone.
11:44 of 3rd period - Snap shot by Blake Geoffrion.
11:44 of 3rd period - Stopped by Thomas Greiss with a rebound.
12:07 of 3rd period - Minor Penalty to Ondrej Kase for Hooking.
12:08 of 3rd period - Anton Gustafsson wins face-off versus Andrew Gordon in River Frogs zone.
12:08 of 3rd period - Snap shot by Joel Armia.
12:08 of 3rd period - Shot Misses the Net.
12:10 of 3rd period - Wrist shot by David Fischer.
12:10 of 3rd period - Shot Blocked by Timothy Kunes.
12:12 of 3rd period - Slapshot by Tony DeAngelo.
12:12 of 3rd period - Stopped by Thomas Greiss with a rebound.
12:14 of 3rd period - Backhand shot by Blake Geoffrion.
12:14 of 3rd period - Stopped by Thomas Greiss with a rebound.
12:16 of 3rd period - Wrist shot by Joel Armia.
12:16 of 3rd period - Stopped by Thomas Greiss without a rebound.
12:17 of 3rd period - Andrew Gordon wins face-off versus Anton Gustafsson in River Frogs zone.
12:26 of 3rd period - Christian Hanson is hit by Joel Armia and loses puck.
12:55 of 3rd period - Snap shot by Joel Armia.
12:55 of 3rd period - Shot Blocked by Anthony Bitetto.
12:57 of 3rd period - Snap shot by Joel Armia.
12:57 of 3rd period - Shot Misses the Net.
13:03 of 3rd period - Wrist shot by Blake Geoffrion.
13:03 of 3rd period - Stopped by Thomas Greiss with a rebound.
13:13 of 3rd period - Wrist shot by Christian Hanson.
13:13 of 3rd period - Stopped by Tristan Jarry without a rebound.
13:14 of 3rd period - Emerson Etem wins face-off versus Scott Laughton in Carnivores zone.
13:15 of 3rd period - Snap shot by Leon Draisaitl.
13:15 of 3rd period - Goal by Leon Draisaitl - Carnivores : 4 - River Frogs : 3.
13:16 of 3rd period - Andrew Gordon wins face-off versus Scott Laughton in neutral zone.
13:55 of 3rd period - Snap shot by Scott Laughton.
13:55 of 3rd period - Shot Misses the Net.
13:57 of 3rd period - Snap shot by Andreas Englund.
13:57 of 3rd period - Deflect By Chris Lawrence.
13:57 of 3rd period - Stopped by Thomas Greiss with a rebound.
13:59 of 3rd period - Snap shot by Chris Lawrence.
13:59 of 3rd period - Stopped by Thomas Greiss without a rebound.
14:00 of 3rd period - Leon Draisaitl wins face-off versus Scott Laughton in River Frogs zone.
14:07 of 3rd period - Penalty to Ondrej Kase is over, Ondrej Kase is back on ice.
14:21 of 3rd period - Minor Penalty to Joakim Nordstrom for Hooking.
14:22 of 3rd period - Anton Gustafsson wins face-off versus Christian Hanson in River Frogs zone.
14:25 of 3rd period - Snap shot by Anton Gustafsson.
14:25 of 3rd period - Goal by Anton Gustafsson - Carnivores : 5 - River Frogs : 3.
14:26 of 3rd period - Christian Hanson wins face-off versus Anton Gustafsson in neutral zone.
15:39 of 3rd period - Off-side.
15:40 of 3rd period - Christian Hanson wins face-off versus Scott Laughton in neutral zone.
15:43 of 3rd period - Wrist shot by Christian Hanson.
15:43 of 3rd period - Stopped by Tristan Jarry without a rebound.
15:44 of 3rd period - Christian Hanson wins face-off versus Scott Laughton in Carnivores zone.
15:55 of 3rd period - Slapshot by Shane Sims.
15:55 of 3rd period - Stopped by Tristan Jarry without a rebound.
15:56 of 3rd period - Christian Hanson wins face-off versus Markus Granlund in Carnivores zone.
16:03 of 3rd period - Wrist shot by Christian Hanson.
16:03 of 3rd period - Shot Misses the Net.
16:05 of 3rd period - Slapshot by Shea Theodore.
16:05 of 3rd period - Shot Misses the Net.
16:07 of 3rd period - Slapshot by Morgan Rielly.
16:07 of 3rd period - Shot Blocked by David Fischer.
16:09 of 3rd period - Wrist shot by Matt Calvert.
16:09 of 3rd period - Stopped by Tristan Jarry with a rebound.
16:17 of 3rd period - Minor Penalty to Mark McNeill for Tripping.
16:18 of 3rd period - Anton Gustafsson wins face-off versus Christian Hanson in Carnivores zone.
16:35 of 3rd period - Tony DeAngelo is hit by Timothy Kunes and loses puck.
16:54 of 3rd period - Snap shot by Matt Calvert.
16:54 of 3rd period - Stopped by Tristan Jarry without a rebound.
16:55 of 3rd period - Leon Draisaitl wins face-off versus Anton Gustafsson in Carnivores zone.
16:56 of 3rd period - Snap shot by Justin Florek.
16:56 of 3rd period - Stopped by Tristan Jarry with a rebound.
16:58 of 3rd period - Slapshot by Aaron Ness.
16:58 of 3rd period - Stopped by Tristan Jarry with a rebound.
17:00 of 3rd period - Slapshot by Aaron Ness.
17:00 of 3rd period - Stopped by Tristan Jarry with a rebound.
17:02 of 3rd period - Slapshot by Shane Sims.
17:02 of 3rd period - Stopped by Tristan Jarry with a rebound.
17:04 of 3rd period - Slapshot by Aaron Ness.
17:04 of 3rd period - Shot Misses the Net.
17:06 of 3rd period - Snap shot by Justin Florek.
17:06 of 3rd period - Shot Blocked by Anton Gustafsson.
17:08 of 3rd period - Slapshot by Aaron Ness.
17:08 of 3rd period - Deflect By Leon Draisaitl.
17:08 of 3rd period - Stopped by Tristan Jarry without a rebound.
17:09 of 3rd period - Anton Gustafsson wins face-off versus Christian Hanson in Carnivores zone.
17:18 of 3rd period - David Fischer is hit by Timothy Kunes and loses puck.
17:43 of 3rd period - Slapshot by Anthony Bitetto.
17:43 of 3rd period - Goal by Anthony Bitetto - Carnivores : 5 - River Frogs : 4.
17:44 of 3rd period - Markus Granlund wins face-off versus Jared Knight in neutral zone.
17:49 of 3rd period - Wrist shot by Mark McNeill.
17:49 of 3rd period - Stopped by Thomas Greiss with a rebound.
18:09 of 3rd period - Shea Theodore is hit by Joel Armia and loses puck.
18:40 of 3rd period - Wrist shot by Andrew Gordon.
18:40 of 3rd period - Shot Misses the Net.
18:56 of 3rd period - River Frogs, Thomas Greiss is pulled from the net.
18:56 of 3rd period - Wrist shot by Matt Calvert.
18:56 of 3rd period - Stopped by Tristan Jarry with a rebound.
18:58 of 3rd period - Snap shot by Christian Hanson.
18:58 of 3rd period - Stopped by Tristan Jarry with a rebound.
19:00 of 3rd period - Backhand shot by Christian Hanson.
19:00 of 3rd period - Goal by Christian Hanson - Carnivores : 5 - River Frogs : 5.
19:00 of 3rd period - Thomas Greiss from River Frogs was sent back in the game.
19:01 of 3rd period - Markus Granlund wins face-off versus Jared Knight in neutral zone.
19:03 of 3rd period - Tony DeAngelo is hit by Jared Knight and loses puck.
19:22 of 3rd period - Minor Penalty to Austin Watson for Hooking.
19:23 of 3rd period - Christian Hanson wins face-off versus Anton Gustafsson in River Frogs zone.
Goals for this period are 2 for Carnivores vs 5 for River Frogs.
Shots for this period are 21 for Carnivores vs 23 for River Frogs.
Overtime #1
0:01 of 1st overtime period - Anton Gustafsson wins face-off versus Andrew Gordon in neutral zone.
1:22 of 1st overtime period - Penalty to Austin Watson is over, Austin Watson is back on ice.
1:28 of 1st overtime period - Slapshot by Scott Laughton.
1:28 of 1st overtime period - Stopped by Thomas Greiss with a rebound.
1:30 of 1st overtime period - Wrist shot by Mat Clark.
1:30 of 1st overtime period - Stopped by Thomas Greiss with a rebound.
1:32 of 1st overtime period - Snap shot by David Fischer.
1:32 of 1st overtime period - Shot Blocked by Anthony Bitetto.
2:04 of 1st overtime period - Slapshot by Tony DeAngelo.
2:04 of 1st overtime period - Shot Misses the Net.
2:49 of 1st overtime period - Mattias Backman is hit by Aaron Ness and loses puck.
3:14 of 1st overtime period - Emerson Etem is hit by Tony DeAngelo and loses puck.
3:35 of 1st overtime period - Ondrej Kase is hit by Tony DeAngelo and loses puck.
3:43 of 1st overtime period - Icing by Ondrej Kase.
3:44 of 1st overtime period - Ondrej Kase wins face-off versus Curtis Lazar in River Frogs zone.
4:01 of 1st overtime period - Andreas Englund is hit by Christian Hanson.
4:11 of 1st overtime period - Slapshot by Leon Draisaitl.
4:11 of 1st overtime period - Shot Misses the Net.
4:13 of 1st overtime period - Slapshot by Leon Draisaitl.
4:13 of 1st overtime period - Stopped by Tristan Jarry with a rebound.
4:17 of 1st overtime period - Wrist shot by Emerson Etem.
4:17 of 1st overtime period - Shot Blocked by Andreas Englund.
4:30 of 1st overtime period - Wrist shot by Blake Geoffrion.
4:30 of 1st overtime period - Stopped by Thomas Greiss with a rebound.
4:44 of 1st overtime period - Slapshot by Scott Laughton.
4:44 of 1st overtime period - Deflect By Blake Geoffrion.
4:44 of 1st overtime period - Shot Misses the Net.
4:44 of 1st overtime period - Puck is out of play.
4:45 of 1st overtime period - Anton Gustafsson wins face-off versus Emerson Etem in River Frogs zone.
4:58 of 1st overtime period - Wrist shot by Emerson Etem.
4:58 of 1st overtime period - Shot Misses the Net.
Goals for this period are 0 for Carnivores vs 0 for River Frogs.
Shots for this period are 3 for Carnivores vs 1 for River Frogs.
ShootOut
5:00 of 1st overtime period - Round #1.
5:00 of 1st overtime period - Carnivores, Blake Geoffrion.
5:00 of 1st overtime period - Wrist shot by Blake Geoffrion.
5:00 of 1st overtime period - Shot Misses the Net.
5:00 of 1st overtime period - River Frogs, Andrew Gordon.
5:00 of 1st overtime period - Backhand shot by Andrew Gordon.
5:00 of 1st overtime period - Shot Misses the Net.
5:00 of 1st overtime period - Round #2.
5:00 of 1st overtime period - Carnivores, Anton Gustafsson.
5:00 of 1st overtime period - Backhand shot by Anton Gustafsson.
5:00 of 1st overtime period - Stopped by Thomas Greiss.
5:00 of 1st overtime period - River Frogs, Christian Hanson.
5:00 of 1st overtime period - Wrist shot by Christian Hanson.
5:00 of 1st overtime period - Goal by Christian Hanson.
5:00 of 1st overtime period - Round #3.
5:00 of 1st overtime period - Carnivores, Chris Lawrence.
5:00 of 1st overtime period - Deke by Chris Lawrence.
5:00 of 1st overtime period - Stopped by Thomas Greiss.
Back to the Top